 Dungeon Crawl Stone Soup version 0.21.1-1-g345015f (webtiles) character file.

38 snha the Stinger (level 3, 24/24 HPs)
             Began as a Demonspawn Venom Mage on June 14, 2018.
             Quit the game on level 2 of the Dungeon on June 24, 2018.
             The game lasted 00:05:20 (1405 turns).

snha the Stinger (Demonspawn Venom Mage)            Turns: 1405, Time: 00:05:21

Health: 24/24      AC:  2    Str:  8    XL:     3   Next: 25%
Magic:  4/6        EV: 12    Int: 17    God:
Gold:   41         SH:  0    Dex: 13    Spells: 0/6 levels left

rFire    . . .     SeeInvis .   d - +3 short sword
rCold    . . .     Gourm    .   (no shield)
rNeg     . . .     Faith    .   a - +0 robe
rPois    .         Spirit   .   (no helmet)
rElec    .         Reflect  .   (no cloak)
rCorr    .         Harm     .   (no gloves)
MR       .....                  (no boots)
Stlth    ++........             (no amulet)
HPRegen  0.08/turn              (no ring)
MPRegen  0.10/turn              (no ring)

@: no status effects
A: powered by pain 1
a: no special abilities


You were on level 2 of the Dungeon.
You were hungry.

You visited 1 branch of the dungeon, and saw 2 of its levels.

You collected 41 gold pieces.

Inventory:

Hand Weapons
 d - a +3 short sword (weapon)
Missiles
 f - 25 stones (quivered)
Armour
 a - a +0 robe (worn)
Jewellery
 j - a +3 ring of dexterity {unknown}
 l - an uncursed ring of protection from cold {unknown}
Scrolls
 e - 2 scrolls of identify {unknown}
 g - a scroll of teleportation {unknown}
 h - 3 scrolls of remove curse {unknown}
Potions
 i - a potion of brilliance {unknown}
 k - a potion of cancellation {unknown}
Books
 b - a Young Poisoner's Handbook

   Spells                             Type                      Level
   a - Sting                          Conjuration/Poison           1
   b - Poisonous Vapours              Poison/Air                   2
   c - Mephitic Cloud                 Conjuration/Poison/Air       3
   d - Olgreb's Toxic Radiance        Poison                       4
   e - Venom Bolt                     Conjuration/Poison           5
Comestibles
 c - 3 rations


   Skills:
 - Level 1.7 Dodging
 - Level 1.7 Stealth
 - Level 2.0 Spellcasting
 + Level 2.3 Conjurations
 + Level 3.7 Poison Magic


You couldn't memorise any spells.
You knew the following spells:

 Your Spells              Type           Power        Failure   Level  Hunger
a - Poisonous Vapours     Pois/Air       #.....       14%         2    ###....
b - Mephitic Cloud        Conj/Pois/Air  #.......     26%         3    ###....
z - Sting                 Conj/Pois      ##..         5%          1    #......


Dungeon Overview and Level Annotations

Branches:
Dungeon (2/15)

Altars:


Innate Abilities, Weirdness & Mutations

You sometimes gain a little power by taking damage.


Message History

Aim: a worm (almost dead, poisoned)
The sting hits the worm.
The worm looks even sicker.
The worm is almost dead.
You kill the worm!
You start resting.
A shadow imp comes into view.
There is a stone staircase leading up here.
You start resting.
Magic restored.
A hobgoblin comes into view. It is wielding a club.
Casting: Sting
Confirm with . or Enter, or press ? or * to list all spells.
Aiming: Poisonous Vapours
Press: ? - help, Dir - move target cursor, f - hobgoblin
Aim: a hobgoblin, wielding a club Poisonous vapours surround the hobgoblin!
The hobgoblin is engulfed in poison gas.
The hobgoblin is poisoned.
You kill the hobgoblin!
Are you sure you want to abandon this character and quit the game? (Confirm with "yes".)

### #.. . #.# 5..
#.# .)...########.#
......$..@....#
....#########.# .
########.######. .
................
#.########.######.
#.########...###
####.......##.....#
...........>##.#.#
#........#.##<..#


There were no monsters in sight!

Vanquished Creatures
  A worm (D:2)
  A dart slug (D:1)
  A leopard gecko (D:1)
  3 giant cockroaches (D:1)
  3 goblins (D:1)
  5 hobgoblins
  7 jackals (D:1)
  2 bats (D:1)
  3 kobolds (D:1)
  2 rats (D:1)
28 creatures vanquished.

Notes
Turn   | Place    | Note
-------+----------+-------------------------------------------
     0 | D:1      | snha the Demonspawn Venom Mage began the quest for the Orb.
     0 | D:1      | Reached XP level 1. HP: 13/13 MP: 3/3
   208 | D:1      | Gained mutation: You sometimes gain a little power by taking damage. [demonic ancestry]
   208 | D:1      | Reached XP level 2. HP: 19/19 MP: 0/5
   212 | D:1      | Learned a level 2 spell: Poisonous Vapours
   805 | D:1      | Reached XP level 3. HP: 23/24 MP: 1/6
   810 | D:1      | Learned a level 3 spell: Mephitic Cloud
  1405 | D:2      | Quit the game

Skill      XL: |  1  2 |
---------------+-------+-----
Conjurations   | 2 |  2.3
Dodging        | |  1.7
Stealth        | |  1.7
Spellcasting   | |  2.0
Poison Magic   | |  3.7

Action                   || total
-------------------------++-------
Melee: Short sword       ||    17
Throw: Stone             ||    10
 Cast: Sting             ||    16
       Poisonous Vapours ||    18
 Stab: Sleeping          ||     1
  Eat: Chunk             ||     2
Armor: Robe              ||     6
Dodge: Dodged            ||    25
